 Dungeon Crawl Stone Soup version 0.29-a0-551-gffc1d7fb78 (webtiles) character file.

Game seed: 5967960283639804553

67 spiderkeys the Ducker (level 3, 0/22 HPs)
             Began as a Deep Elf Abyssal Knight on June 5, 2022.
             Was a Priest of Lugonu.
             Slain by an orc priest
             ... wielding a +0 short sword of distortion
              (9 damage)
             ... on level 3 of the Dungeon.
             The game lasted 00:02:24 (2697 turns).

spiderkeys the Ducker (Deep Elf Abyssal Knight)     Turns: 2697, Time: 00:02:24

Health: 0/22       AC:  5    Str: 10    XL:     3   Next: 98%
Magic:  7/7        EV: 11    Int: 16    God:    Lugonu [***...]
Gold:   179        SH:  0    Dex: 15    Spells: 3/3 levels left

rFire   . . .      SeeInvis .   p - +1 dagger (venom)
rCold   . . .      Faith    .   (no shield)
rNeg    . . .      Spirit   .   h - +0 ring mail
rPois   .          Reflect  .   (no helmet)
rElec   .          Harm     .   (no cloak)
rCorr   .          Rampage  .   (no gloves)
Will    .....                   (no boots)
Stlth   +.........              (no amulet)
HPRegen 0.07/turn               (no ring)
MPRegen 0.10/turn               (no ring)

@: no status effects
A: no striking features
a: Renounce Religion, Depart the Abyss, Bend Space, Banish


You were on level 3 of the Dungeon.
You worshipped Lugonu.
Lugonu was most pleased with you.
You visited 1 branch of the dungeon, and saw 3 of its levels.
You visited the Abyss 1 time.

You collected 179 gold pieces.


   Skills:
 + Level 2.9 Fighting
 + Level 2.6 Short Blades
 - Level 1.0 Armour
 + Level 3.2 Dodging
 + Level 0.5 Spellcasting
 + Level 2.8 Invocations


You had 3 spell levels left.
You didn't know any spells.
Your spell library contained the following spells:

 Spells                   Type           Power      Damage    Failure   Level
 Inner Flame              Hex/Fire       0%         N/A       88%         3
 Cause Fear               Hex            0%         N/A       99%         4
 Discord                  Hex            0%         N/A       100%        8

Inventory:

Hand Weapons
 a - a +1 short sword
 o - a +0 rapier
   (You found it on level 1 of the Dungeon)
 p - a +1 dagger of venom (weapon)
   (You took it off a kobold on level 1 of the Dungeon)
Missiles
 j - 50 stones
 v - 2 poisoned darts
Armour
 b - a +0 leather armour
 h - a +0 ring mail (worn)
   (You found it on level 1 of the Dungeon)
 l - a +0 leather armour
   (You found it on level 1 of the Dungeon)
 n - a +0 ring mail
   (You found it on level 1 of the Dungeon)
 r - a +0 leather armour of cold resistance
   (You found it on level 2 of the Dungeon)
 t - a +0 ring mail
   (You found it on level 2 of the Dungeon)
Magical Staves
 f - a staff of earth {!a}
   (You found it on level 1 of the Dungeon)
Scrolls
 c - 2 scrolls of identify {unknown}
 e - 2 scrolls of blinking {!r}
 g - a scroll of amnesia {unknown}
 i - 2 scrolls of teleportation {unknown}
 k - a scroll of silence {unknown}
Potions
 d - 2 potions of mutation {unknown}
 m - 2 potions of berserk rage {unknown}
 q - a potion of ambrosia {unknown}
 s - a potion of haste {unknown}
 u - a potion of resistance {unknown}

Dungeon Overview and Level Annotations

Branches:
Dungeon (3/15)

Altars:

#.#
#.#
#.#
#.#
#.#
#.#
#.# #
#.##.#
#)@o.#
######


You could see an orc priest.


Message History

You kill the quokka!
Lugonu accepts your kill.
Things that are here:
a quokka corpse; an adder corpse Key pressed, stopping explore.
Key pressed, stopping explore.
Key pressed, stopping explore.
You see here a bat corpse.
You see here a bat corpse.
Key pressed, stopping explore.
j - 50 stones (gained 18) Key pressed, stopping explore.
A jackal comes into view.
The jackal barks!
A jackal comes into view. 😎 HP[+13]
Your hp is fully restored (22).
There are monsters nearby!
A jackal comes into view.
The jackal barks! x2
You closely miss the jackal.
The jackal bites you but does no damage.
You closely miss the jackal.
The jackal bites you but does no damage.
The jackal bites you. 😕 HP[-1]
You take 1 damage, and now have 21/22 hp.
You hit the jackal.
The jackal is poisoned.
The jackal barely misses you. x2
The jackal bites you but does no damage.
You hit the jackal. The jackal closely misses you. x2
The jackal bites you but does no damage.
You barely miss the jackal.
The jackal bites you but does no damage. x2
The jackal closely misses you.
You closely miss the jackal.
You kill the jackal!
Lugonu accepts your kill. The jackal misses you. The jackal barely misses you.
The jackal barely misses you.
The jackal bites you but does no damage.
The jackal bites you. 😕 HP[-1]
You take 1 damage, and now have 20/22 hp.
You hit the jackal.
The jackal is poisoned.
The jackal bites you but does no damage.
The jackal misses you.
The jackal bites you but does no damage.
You miss the jackal. The jackal barely misses you.
The jackal bites you but does no damage.
The jackal attacks as you move away! The jackal barely misses you.
You hit the jackal but do no damage.
The jackal is poisoned.
You barely miss the jackal.
You kill the jackal!
Lugonu accepts your kill. The jackal barely misses you.
The jackal bites you but does no damage.
You hit the jackal.
The jackal looks as sick as possible!
You kill the jackal!
Lugonu accepts your kill.
No target in view!
No target in view!
You see here a jackal corpse.
v - 2 poisoned darts 😎 HP[+2]
Your hp is fully restored (22).
You see here a jackal corpse.
Key pressed, stopping explore.
Found a stone staircase leading down.
e - 2 scrolls of blinking {!r} (gained 1)
You open the door.
There is an open door here.
You open the door.
There is an open door here.
You pick up a book of Hexes and begin reading...
You add the spells Inner Flame, Cause Fear and Discord to your library.
Okay, then.
Key pressed, stopping explore. 2 orcs come into view.
The orc shouts! x2; You hear a shout! x2
There are monsters nearby!
You hit the orc. You hit the orc.
You kill the orc!
Lugonu accepts your kill.
You hit the orc.
The orc is poisoned.
An orc priest comes into view.
It is wielding a +0 short sword of distortion.
You hit the orc.
You kill the orc!
Lugonu accepts your kill.
The orc priest calls down the wrath of Beogh upon you.
Beogh smites you!
Ouch! That really hurt!
* * * LOW HITPOINT WARNING * * *
😨 HP[-11]
You take 11 damage, and now have 11/22 hp.
MASSIVE DAMAGE!! (PAUSE)
The orc priest hits you with a +0 short sword of distortion.
* * * LOW HITPOINT WARNING * * *
Space warps horribly around you!
You die...

Skill      XL: |  1  2  3 |
---------------+----------+-----
Armour         | 1 |  1.0
Dodging        | 3 |  3.2
Fighting       | |  2.9
Short Blades   | |  2.6
Spellcasting   | |  0.5
Invocations    | |  2.8

Action                   || total
-------------------------++-------
Melee: Short sword       ||    47
       Dagger            ||   111
       Punch             ||     3
  Use: Scroll            ||     1
Armor: Leather armour    ||     4
       Ring mail         ||    38
Dodge: Dodged            ||    84

Levels and vault maps discovered:
D:1:      dpeg_arrival_tiny_k, layout_basic, kennysheep_flooded_box
D:2:      layout_rooms, serial_park_tiny_1, minmay_misc_feat_room,
          minmay_hedge_maze, minmay_rat_gold_closets
D:3:      layout_basic, nicolae_ecumenical_oubliette, cheibrodos_gnoll_hut,
          uniq_sigmund

Notes
Turn   | Place    | Note
-------+----------+-------------------------------------------
     0 | Abyss:1  | spiderkeys the Deep Elf Abyssal Knight began the quest for
                  | the Orb.
     0 | Abyss:1  | Reached XP level 1. HP: 13/13 MP: 4/4
     0 | Abyss:1  | magus.rc [v1.11.3]
    63 | D:1      | You pass through the gate.
    63 | D:1      | Escaped the Abyss
   472 | D:1      | Reached skill level 1 in Armour
   486 | D:1      | Reached XP level 2. HP: 17/18 MP: 5/5
  1804 | D:2      | Reached XP level 3. HP: 21/22 MP: 6/6
  1821 | D:2      | Reached skill level 3 in Dodging
  2091 | D:2      | Reached *** piety under Lugonu
  2267 | D:3      | Found a faded altar of an unknown god.
  2653 | D:3      | You pick up a book of Hexes and begin reading...
  2653 | D:3      | You add the spells Inner Flame, Cause Fear and Discord to
                  | your library.
  2697 | D:3      | Slain by an orc priest

Vanquished Creatures
  An adder (D:3)
  A dart slug (D:2)
  2 orcs (D:3)
  2 bats
  6 endoplasms
  6 goblins
  4 hobgoblins
  7 jackals
  2 quokkas
  3 ball pythons (D:2)
  A frilled lizard (D:2)
  3 kobolds
  9 rats
47 creatures vanquished.

Table legend:
 A = Non-vault XP
 B = Vault XP
 C = Vault XP percentage of total XP
 D = Non-vault monster count
 E = Vault monster count
 F = Vault count percentage of total count
                 A         B        C        D         E       F
            +---------+---------+-------+---------+---------+-------
      Total |      89 |       7 |   7.3 |      40 |       7 |  14.9
            +---------+---------+-------+---------+---------+-------
        D:1 |      27 |       0 |   0.0 |      15 |       0 |   0.0
        D:2 |      33 |       7 |  17.5 |      17 |       7 |  29.2
        D:3 |      29 |       0 |   0.0 |       8 |       0 |   0.0
            +---------+---------+-------+---------+---------+-------

Illustrated notes

Table legend:
 A = Kills in this place as a percentage of kills in entire the game.
 B = Kills by you in this place as a percentage of kills by you in the entire game.
 C = Kills by friends in this place as a percentage of kills by friends in the entire game.
 D = Other kills in this place as a percentage of other kills in the entire game.
 E = Experience gained in this place as a percentage of experience gained in the entire game.
 F = Experience gained in this place divided by the number of levels of this place that you have seen.
                   A       B       C       D       E      F
               +-------+-------+-------+-------+-------+----------------------
         Total | 100.0 | 100.0 |   N/A |   N/A | 100.0 |  24.0
       Dungeon | 100.0 | 100.0 |   N/A |   N/A | 100.0 |  32.0
               +-------+-------+-------+-------+-------+----------------------

Table legend: (Time is in decaauts)
 A = Elapsed time spent in this place.
 B = Non-inter-level travel time spent in this place.
 C = Inter-level travel time spent in this place.
 D = Time resting spent in this place.
 E = Time spent auto-exploring this place.
 F = Levels seen in this place.
 G = Mean time per level.
                   A        B        C        D        E       F      G
               +--------+--------+--------+--------+--------+-----+--------+
         Total |   2681 |   2638 |     43 |     96 |   2211 |   4 |  670.2 |
       Dungeon |   2618 |   2575 |     43 |     96 |   2168 |   3 |  872.7 |
         Abyss |     63 |     63 |      0 |      0 |     43 |   1 |   63.0 |
               +--------+--------+--------+--------+--------+-----+--------+

Top non-repeatable levels by time:
     D:1: 1474 daAuts
     D:2: 736 daAuts
     D:3: 407 daAuts
 Abyss:1: 63 daAuts
